 Dungeon Crawl Stone Soup version 0.30-a0-702-gdf48620a09 (webtiles) character file.

Game seed: 11392134336153011471

1378 Citaku the Protected (level 8, 0/70 HPs)
             Began as a Minotaur Fighter on Jan 21, 2023.
             Was an Initiate of Gozag.
             Succumbed to a killer bee's poison
             ... on level 5 of the Dungeon.
             The game lasted 00:07:31 (4165 turns).

Citaku the Protected (Minotaur Fighter)             Turns: 4165, Time: 00:07:32

Health: 0/70       AC: 15    Str: 23    XL:     8   Next: 39%
Magic:  7/7        EV:  9    Int: 11    God:    Gozag
Gold:   323        SH:  5    Dex: 10    Spells: 7/7 levels left

rFire   + . .      SeeInvis .    a - +0 war axe
rCold   . . .      Faith    .    c - +0 buckler
rNeg    . . .      Spirit   .    b - +0 scale mail
rPois   .          Reflect  .    (helmet restricted)
rElec   .          Harm     .    l - +1 cloak
rCorr   .          Rampage  .    D - +2 pair of gloves of the Minstrel {Will+ Int+6}
Will    +....                    C - +0 pair of boots Stlth
                                 (no amulet)
HPRegen 0.31/turn                s - ring of protection from fire
MPRegen 0.10/turn                (no ring)

@: mighty, lethally poisoned (0 -> -6), gold aura
A: horns 2, retaliatory headbutt
a: Renounce Religion, Potion Petition, Call Merchant, Bribe Branch


You were on level 5 of the Dungeon.
You worshipped Gozag.
Gozag was aware of your devotion.
You visited 2 branches of the dungeon, and saw 6 of its levels.
You also visited: Sewer.

You collected 375 gold pieces.
You paid 52 gold pieces to Gozag.

Inventory:

Hand Weapons
 a - a +0 war axe (weapon)
Armour
 b - a +0 scale mail (worn)
 c - a +0 buckler (worn)
 l - a +1 cloak (worn)
 C - a +0 pair of boots (worn)
 D - the +2 pair of gloves of the Minstrel (worn) {Will+ Int+6}
   (You found it on level 5 of the Dungeon)

   Int:       It affects your intelligence (+6).
   Will:      It increases your willpower.
Jewellery
 s - a ring of protection from fire (left hand)
Wands
 E - a wand of flame (20)
Scrolls
 e - a scroll of blinking {unknown}
 h - a scroll of torment {unknown}
 j - a scroll of noise {unknown}
 m - 2 scrolls of teleportation {unknown}
 o - 7 scrolls of identify {unknown}
 p - 2 scrolls of poison {unknown}
 u - a scroll of magic mapping {unknown}
 y - a scroll of enchant armour {unknown}
 z - a scroll of fear {unknown}
 A - a scroll of enchant weapon {unknown}
 B - a scroll of silence {unknown}
 F - a scroll of vulnerability {unknown}
Potions
 d - 3 potions of might
 f - 2 potions of curing {unknown}
 g - a potion of degeneration {unknown}
 i - a potion of flight {unknown}
 k - 4 potions of mutation {unknown}
 n - 2 potions of heal wounds {unknown}
 q - a potion of attraction {unknown}
 r - 2 potions of lignification {unknown}
 t - 3 potions of cancellation {unknown}
 v - a potion of experience {unknown}
 w - a potion of invisibility {unknown}
 x - 2 potions of haste {unknown}


   Skills:
 + Level 6.1 Fighting
 * Level 7.6 Axes
 * Level 8.0 Armour
 + Level 6.1 Shields


You had 7 spell levels left.
You didn't know any spells.
Your spell library contained the following spells:

 Spells                   Type           Power      Damage    Failure   Level
 Sandblast                Erth           0%         2d4       71%         1
 Passwall                 Tmut/Erth      0%         N/A       83%         2
 Sublimation of Blood     Necr           0%         N/A       83%         2
 Gell's Gravitas          Tloc           0%         N/A       97%         3
 Portal Projectile        Hex/Tloc       0%         N/A       97%         3
 Stone Arrow              Conj/Erth      0%         3d7       97%         3
 Teleport Other           Tloc           0%         N/A       97%         3
 Tukima's Dance           Hex            0%         N/A       97%         3
 Petrify                  Tmut/Erth      0%         N/A       100%        4
 Blade Hands              Tmut           0%         N/A       100%        5
 Irradiate                Conj/Tmut      0%         3d11      100%        5
 Dispersal                Tloc           0%         N/A       100%        6


Dungeon Overview and Level Annotations

Branches:
Dungeon (5/15)             Temple (1/1) D:4           Sewer (visited)

Altars:
Ashenzari
Cheibriados
Dithmenos
Elyvilon
Fedhas
Gozag
Hepliaklqana
Kikubaaqudgha
Makhleb
Nemelex Xobeh
Okawaru
Qazlal
Ru
Sif Muna
Uskayaw
Vehumet
Wu Jian
Yredelemnul
Zin
The Shining One


Innate Abilities, Weirdness & Mutations

You have a pair of horns on your head.
You reflexively headbutt those who attack you in melee.


Message History

You closely miss the killer bee.
The killer bee is almost dead.
You barely miss the killer bee. You miss the killer bee.
You feel sick.
The killer bee stings you but does no damage. x2
The killer bee closely misses you. The killer bee stings you.
* * * LOW HITPOINT WARNING * * *
The killer bee stings you but does no damage. x2
You closely miss the killer bee.
The killer bee is almost dead.
You miss the killer bee. You slash the killer bee!
You feel sick.
You are no longer poisoned.
The killer bee stings you but does no damage. x2
The killer bee barely misses you. The killer bee stings you.
* * * LOW HITPOINT WARNING * * *
You block the killer bee's attack.
The killer bee stings you but does no damage.
You feel very mighty all of a sudden. You block the killer bee's attack.
The killer bee stings you but does no damage.
The killer bee stings you.
* * * LOW HITPOINT WARNING * * *
The killer bee stings you but does no damage.
The killer bee misses you.
The killer bee stings you but does no damage.
You hit the killer bee.
You kill the killer bee!
You barely miss the killer bee. You closely miss the killer bee.
You block the killer bee's attack. The killer bee stings you.
* * * LOW HITPOINT WARNING * * *
You are lethally poisoned!
The killer bee poisons you! The killer bee closely misses you.
The killer bee is distracted by your dazzling golden aura.
The killer bee stings you but does no damage.
The killer bee buzzes angrily.
You slash the killer bee!
You kill the killer bee!
You miss the killer bee.
The killer bee is no longer distracted by gold.
You die...
Your body crumbles into a pile of gold.

........# #######.####
### # #.##.. ..# #.#.#
#.##.# #.# #.#.# #.##.#
#.# #.#.# #.##.# #.#
#.#.# #.##.# #.# #.#.#
#.##.#####.###
#.#.###'##.....$@$.#
#.#.##....######y#+#
.....+....# #.$.$......
#.#.##....# #..........
..#.##..(.# #..........
###.##....####.......?..
.....(...........#......
##..#####.########.#####
#>.......)........#


You could see a killer bee.

Vanquished Creatures
  A wraith (D:5)
  2 ice beasts
  An ogre (D:4)
  A phantom (D:5)
  A bullfrog (D:3)
  A scorpion (D:5)
  5 killer bees (D:5)
  A jelly (D:4)
  An orc priest (D:4)
  3 hounds (D:5)
  An iguana (D:4)
  6 orc wizards
  4 gnolls (D:2)
  8 adders
  2 ufetubi (D:4)
  2 adder skeletons (D:2)
  2 worms (D:4)
  2 dart slugs
  17 orcs
  8 ball pythons
  9 bats
  A bat skeleton (D:2)
  10 endoplasms
  3 giant cockroaches
  5 hobgoblins
  2 jackals (D:2)
  17 kobolds
  7 quokkas
  3 ball python skeletons (D:2)
  2 ball python zombies (D:2)
  2 frilled lizards
  6 goblins
  15 rats
151 creatures vanquished.

Vanquished Creatures (others)
  A fungus (Sewer)
  6 plants (Sewer)
  7 withered plants (D:2)
14 creatures vanquished.

Grand Total: 165 creatures vanquished

Notes
Turn   | Place    | Note
-------+----------+-------------------------------------------
     0 | D:1      | Citaku the Minotaur Fighter began the quest for the Orb.
     0 | D:1      | Reached XP level 1. HP: 19/19 MP: 0/0
   181 | D:1      | Reached XP level 2. HP: 27/27 MP: 1/1
   279 | D:1      | Reached skill level 4 in Armour
   890 | D:2      | Reached XP level 3. HP: 32/33 MP: 2/2
  1162 | D:2      | Reached XP level 4. HP: 40/40 MP: 3/3
  1241 | D:2      | HP: 1/40 [gnoll/+0 spear (2)]
  1920 | D:3      | Found a shimmering blue altar of Sif Muna.
  1921 | D:3      | Found an ornate altar of the Wu Jian Council.
  1961 | D:3      | Noticed an ice beast
  1971 | D:3      | Killed an ice beast
  1972 | D:3      | Reached skill level 5 in Armour
  1972 | D:3      | Reached XP level 5. HP: 39/47 MP: 4/4
  2007 | D:3      | Reached skill level 5 in Axes
  2007 | D:3      | Reached XP level 6. HP: 49/53 MP: 5/5
  2500 | D:4      | Found a glowing drain.
  2566 | Sewer    | Entered a sewer
  2668 | Sewer    | Reached skill level 6 in Armour
  2874 | D:4      | Reached skill level 5 in Shields
  3048 | D:4      | Reached skill level 5 in Fighting
  3048 | D:4      | Reached XP level 7. HP: 11/61 MP: 6/6
  3260 | D:4      | Found a staircase to the Ecumenical Temple.
  3279 | Temple   | Entered the Ecumenical Temple
  3289 | Temple   | Became a worshipper of Gozag Ym Sagoz the Greedy
  3620 | D:5      | Entered Level 5 of the Dungeon
  3623 | D:5      | Noticed a wraith
  3636 | D:5      | Killed a wraith
  3759 | D:5      | Reached skill level 7 in Armour
  3863 | D:5      | Identified the +2 pair of gloves of the Minstrel {Will+
                  | Int+6}
  3905 | D:5      | Reached XP level 8. HP: 56/69 MP: 7/7
  4155 | D:5      | Reached skill level 8 in Armour
  4164 | D:5      | HP: 3/70 [killer bee (3)]
  4165 | D:5      | Succumbed to a killer bee's poison

Illustrated notes

Levels and vault maps discovered:
D:1:      lightli_arrival_windingriver, layout_basic
D:2:      layout_basic, serial_undead, serial_undead_d, serial_undead_c,
          serial_undead_d, serial_undead_d, serial_undead_b, serial_undead_a
D:3:      layout_basic, chequers_temple_overflow_statue_of_worship
D:4:      layout_basic, minmay_temple_entry_junction,
          cheibrodos_sewer_entry_sluice
D:5:      layout_basic, st_stairs_11
Temple:   nicolae_temple_no_exploring_needed

Skill      XL: |  1  2  3  4  5  6  7  8 |
---------------+-------------------------+-----
Armour         | 4 5 6 7 8 |  8.0
Axes           | 3 4 5 6 7 |  7.6
Fighting       | 4 5 6 |  6.1
Shields        | 4 5 6 |  6.1

Action                   |  1- 3 |  4- 6 |  7- 9 || total
-------------------------+-------+-------+-------++-------
Melee: War axe           |    72 |   164 |    88 ||   324
       Headbutt          |    13 |    15 |    15 ||    43
  Use: Potion            |       |     2 |     1 ||     3
Armor: Scale mail        |    33 |   109 |    71 ||   213
Dodge: Dodged            |    42 |    63 |    59 ||   164
Block: Buckler           |     9 |    33 |    28 ||    70

Table legend: (Time is in decaauts)
 A = Elapsed time spent in this place.
 B = Non-inter-level travel time spent in this place.
 C = Inter-level travel time spent in this place.
 D = Time resting spent in this place.
 E = Time spent auto-exploring this place.
 F = Levels seen in this place.
 G = Mean time per level.
                   A        B        C        D        E       F      G
               +--------+--------+--------+--------+--------+-----+--------+
         Total |   4294 |   4139 |    155 |      0 |   3080 |   7 |  613.4 |
       Dungeon |   3996 |   3849 |    147 |      0 |   2919 |   5 |  799.2 |
        Temple |     17 |     10 |      7 |      0 |      0 |   1 |   17.0 |
         Sewer |    280 |    280 |      0 |      0 |    161 |   1 |  280.0 |
               +--------+--------+--------+--------+--------+-----+--------+

Top non-repeatable levels by time:
     D:1: 987 daAuts
     D:4: 956 daAuts
     D:2: 913 daAuts
     D:3: 574 daAuts
     D:5: 565 daAuts
   Sewer: 280 daAuts
  Temple: 17 daAuts
